 Dungeon Crawl Stone Soup version 0.18.1-8-gdd0e5ea (webtiles) character file.

6552 Freeplumber the Grappler (level 10, -11/98 HPs)
             Began as a Troll Monk on June 12, 2016.
             Was an Elder of Kikubaaqudgha.
             Mangled by a spiny frog (14 damage)
             ... on level 3 of the Lair of Beasts.
             The game lasted 00:49:17 (4883 turns).

Freeplumber the Grappler (Troll Monk)               Turns: 4883, Time: 00:49:17

Health: -11/98     AC:  6    Str: 31    XL:     10   Next: 70%
Magic:  12/12      EV: 17    Int:  7    God:    Kikubaaqudgha [****..]
Gold:   273        SH:  0    Dex: 14    Spells: 5 memorised, 4 levels left

rFire  . . .     SeeInvis .       - Unarmed
rCold  . . .     Gourm    +     J - +0 robe
rNeg   . . .     Faith    .     (no shield)
rPois  .         Spirit   .     v - +0 hat
rElec  .         Dismiss  .     e - +0 cloak
rCorr  .         Reflect  .     (gloves unavailable)
SustAt +         Harm     .     (boots unavailable)
MR     .....                    f - amulet of regeneration
Stlth  ++........               p - +3 ring of evasion
                                M - ring of sustain attributes

@: immense fortitude, not resistant to hostile enchantments, unstealthy
A: unfitting armour, claws 3, blurry vision 1, fast metabolism 3, gourmand,
regeneration 2, shaggy fur 1, tough skin 2
a: Receive Corpses, Renounce Religion


You were on level 3 of the Lair of Beasts.
You worshipped Kikubaaqudgha.
Kikubaaqudgha was greatly pleased with you.
You were not hungry.

You visited 2 branches of the dungeon, and saw 11 of its levels.

You collected 393 gold pieces.
You spent 120 gold pieces at shops.

Inventory:

Hand Weapons
 o - a +0 long sword
 t - a +4 short sword
 y - a +2 dagger of venom
 A - a +0 dagger of venom
 D - a +0 blowgun
 F - a +0 blowgun
Missiles
 s - 65 poisoned needles
 I - 5 javelins (quivered)
Armour
 a - a +0 robe
 e - a +0 cloak (worn)
 v - a +0 hat (worn)
 J - a +0 robe (worn)
 L - a +1 robe of cold resistance
Jewellery
 f - an amulet of regeneration (around neck)
 g - an uncursed amulet of magic regeneration
 p - a +3 ring of evasion (right claw)
 r - an uncursed ring of protection from cold
 x - an uncursed ring of protection from cold
 G - a +6 ring of evasion
 M - a ring of sustain attributes (left claw)
Wands
 k - a wand of slowing (21/48)
 u - a wand of acid (0/15)
 w - a wand of lightning (0/15)
 C - a wand of slowing (24/48)
 H - a wand of teleportation (0/9)
Scrolls
 d - 5 scrolls of remove curse
 Q - a scroll of identify
 R - a scroll of enchant weapon {unknown}
Potions
 h - 2 potions of degeneration
 i - a potion of cancellation
 j - a potion of curing
 l - a potion of haste {unknown}
 B - 2 potions of invisibility
 E - a potion of mutation
 K - a potion of heal wounds
 O - a potion of flight
Books
 c - Kikubaaqudgha's Compendium of Black Rites
   (Kikubaaqudgha gifted it to you on level 5 of the Dungeon)

   Spells                             Type                      Level
   a - Animate Dead                   Necromancy                   4
   b - Bolt of Draining               Conjuration/Necromancy       5
   c - Agony                          Necromancy                   5
   d - Dispel Undead                  Necromancy                   5
   e - Death Channel                  Necromancy                   6
 n - Kikubaaqudgha's Compendium of Evil
   (Kikubaaqudgha gifted it to you on level 2 of the Dungeon)

   Spells                             Type                      Level
   a - Pain                           Necromancy                   1
   b - Corpse Rot                     Necromancy                   2
   c - Sublimation of Blood           Necromancy                   2
   d - Vampiric Draining              Necromancy                   3
   e - Control Undead                 Necromancy                   4
 z - a Young Poisoner's Handbook

   Spells                             Type                      Level
   a - Sting                          Conjuration/Poison           1
   b - Cure Poison                    Poison                       2
   c - Mephitic Cloud                 Conjuration/Poison/Air       3
   d - Olgreb's Toxic Radiance        Poison                       4
   e - Venom Bolt                     Conjuration/Poison           5
Miscellaneous
 N - a phial of floods
 P - a legendary deck of defence {drawn: 1}
Comestibles
 b - 2 bread rations
 m - 9 fruits
 q - 5 meat rations


   Skills:
 + Level 5.9 Fighting
 + Level 8.7 Dodging
 + Level 3.2 Stealth
 + Level 9.1 Unarmed Combat
 + Level 2.4 Spellcasting
 + Level 0.1 Conjurations
 + Level 3.1 Necromancy
 + Level 0.1 Poison Magic
 + Level 2.0 Evocations


You had 4 spell levels left.
You knew the following spells:

 Your Spells              Type           Power        Failure   Level  Hunger
a - Pain                  Necr           #...         12%         1    ##.....
b - Corpse Rot            Necr           N/A          17%         2    ###....
c - Sublimation of Blood  Necr           #.........   17%         2    ###....
d - Sting                 Conj/Pois      #...         38%         1    ##.....
e - Vampiric Draining     Necr           #.........   34%         3    ####...


Dungeon Overview and Level Annotations

Branches:
Dungeon (8/15)             Temple (0/1) D:6            Lair (3/8) D:8
  Swamp: Lair:3-6    Shoals: Lair:3-6     Snake: Lair:3-6    Spider: Lair:3-6

Altars:
Cheibriados
Gozag
Kikubaaqudgha
Nemelex Xobeh
Pakellas

Shops:
D:7 !

Annotations:
Lair:3 Snorg


Innate Abilities, Weirdness & Mutations

You are too large for most types of armour.
You have claws for hands.
Your metabolism is lightning-fast.
You like to eat raw meat.
You heal very quickly.
You are covered in fur (AC +1).
You have very tough skin (AC +2).
Scrolls take you a little longer to read.


Message History

Snorg bites you. Snorg misses you. Snorg closely misses you.
You completely miss Snorg.
Snorg is moderately wounded.
Snorg bites you!! Snorg completely misses you. Snorg barely misses you.
You scratch the spiny frog.
The spiny frog is lightly wounded.
The spiny frog stings you!! Snorg barely misses you.
Snorg claws you but does no damage. Snorg closely misses you.
The spiny frog closely misses you. Snorg bites you but does no damage.
Snorg claws you! Snorg misses you. Snorg bites you!!
* * * LOW HITPOINT WARNING * * *
Snorg claws you but does no damage. Snorg claws you!!
* * * LOW HITPOINT WARNING * * *
Evoke which item? (* to show all) (? for menu, Esc to quit)
You draw a card...
It is Fortitude.
You are filled with a great fortitude.
The spiny frog stings you!!
You die...
Kikubaaqudgha rasps: "You have failed me!
Welcome... death!"

##. #.#.........# #...
####...........# ...P#
##...............
##.....##.#............#
....#....#.#..........#
...........P..P.......#
.(........<...##.....##
#.........F...##...##
#.........T@.......#
#..!......##P......#
#........P###.....##
###.......P##.##...#
#.......######..##
##......# #...# #.....##
...## #P...## #.. ##..##
.#


You could see Snorg (berserk) and a spiny frog.

Vanquished Creatures
  An elephant (Lair:1)
  3 spiny frogs (Lair:1)
  A black mamba (Lair:1)
  2 komodo dragons
  11 yaks
  3 water moccasins
  2 black bears
  A porcupine (Lair:1)
  An orc warrior (D:6)
  An ice beast (D:8)
  A phantom (D:7)
  2 ogres (D:4)
  4 wolves (Lair:2)
  2 crocodiles (Lair:1)
  A big kobold (D:7)
  6 giant frogs
  A wyvern skeleton (D:8)
  2 scorpions
  A crimson imp (D:7)
  2 orc priests (D:6)
  4 orc wizards
  A giant frog skeleton (D:5)
  6 iguanas
  Ijyb (D:2)
  3 worker ants (D:6)
  2 hell rats (D:5)
  A hound skeleton (D:6)
  7 adders
  16 river rats
  A shadow imp (D:5)
  2 worms
  A dart slug (D:1)
  23 orcs
  5 bats
  3 giant cockroaches
  2 goblins
  6 hobgoblins
  4 jackals
  A quokka (D:6)
  A giant newt (D:1)
  10 kobolds
  26 rats
  A bush (D:4)
  A plant (D:4)
176 creatures vanquished.

Vanquished Creatures (others)
  An orc (D:6)
  3 fungi
4 creatures vanquished.

Grand Total: 180 creatures vanquished

Notes
Turn   | Place    | Note
--------------------------------------------------------------
     0 | D:1      | Freeplumber the Troll Monk began the quest for the Orb.
     0 | D:1      | Reached XP level 1. HP: 22/22 MP: 0/0
   177 | D:1      | Reached XP level 2. HP: 29/29 MP: 1/1
   318 | D:2      | Noticed Ijyb
   327 | D:2      | Reached XP level 3. HP: 36/36 MP: 2/2
   328 | D:2      | Killed Ijyb
   418 | D:2      | Reached XP level 4. HP: 34/44 MP: 3/3
   737 | D:2      | Found an ancient bone altar of Kikubaaqudgha.
   774 | D:2      | Became a worshipper of Kikubaaqudgha
   774 | D:2      | Reached * piety under Kikubaaqudgha
   774 | D:2      | Received a gift from Kikubaaqudgha
   774 | D:2      | Reached ** piety under Kikubaaqudgha
   783 | D:2      | Identified Kikubaaqudgha's Compendium of Evil (Kikubaaqudgha gifted it to you on level 2 of the Dungeon)
   790 | D:2      | Learned a level 1 spell: Pain
   945 | D:3      | Found a sparkling altar of Nemelex Xobeh.
  1061 | D:3      | Reached skill level 5 in Unarmed Combat
  1078 | D:3      | Learned a level 2 spell: Corpse Rot
  1098 | D:3      | Found a sparkling altar of Nemelex Xobeh.
  1099 | D:3      | Found an oddly glowing altar of Pakellas.
  1547 | D:4      | Noticed an ogre
  1568 | D:4      | Killed an ogre
  1568 | D:4      | Reached XP level 5. HP: 50/50 MP: 1/4
  1649 | D:4      | Reached XP level 6. HP: 58/59 MP: 5/5
  1843 | D:5      | Entered Level 5 of the Dungeon
  1905 | D:5      | Gained mutation: Your spells are a little harder to cast, but a little more powerful. [potion of mutation]
  1905 | D:5      | Gained mutation: Scrolls take you a little longer to read. [potion of mutation]
  1905 | D:5      | Lost mutation: Your spells are a little harder to cast, but a little more powerful. [potion of mutation]
  1936 | D:5      | Reached XP level 7. HP: 61/67 MP: 6/6
  1942 | D:5      | Reached skill level 6 in Unarmed Combat
  1949 | D:5      | Reached *** piety under Kikubaaqudgha
  1949 | D:5      | Received a gift from Kikubaaqudgha
  1951 | D:5      | Identified Kikubaaqudgha's Compendium of Black Rites (Kikubaaqudgha gifted it to you on level 5 of the Dungeon)
  1963 | D:5      | Learned a level 2 spell: Sublimation of Blood
  2575 | D:6      | Found a staircase to the Ecumenical Temple.
  2584 | D:6      | Reached skill level 5 in Dodging
  2595 | D:6      | Reached XP level 8. HP: 44/78 MP: 4/7
  2705 | D:6      | Reached skill level 7 in Unarmed Combat
  2708 | D:6      | Found a snail-covered altar of Cheibriados.
  2827 | D:7      | Found Aggei's Distillery.
  2841 | D:7      | Reached skill level 1 in Necromancy
  2858 | D:7      | Bought a potion of heal wounds for 80 gold pieces
  2858 | D:7      | Bought a potion of mutation for 40 gold pieces
  2933 | D:7      | Reached skill level 1 in Evocations
  2951 | D:7      | Found an opulent altar of Gozag.
  3487 | D:8      | Found a staircase to the Lair.
  3487 | D:8      | Noticed an elephant
  3545 | Lair:1   | Entered Level 1 of the Lair of Beasts
  3555 | Lair:1   | Killed an elephant
  3591 | Lair:1   | Reached skill level 1 in Spellcasting
  3591 | Lair:1   | Reached XP level 9. HP: 75/85 MP: 9/9
  3646 | Lair:1   | Reached **** piety under Kikubaaqudgha
  3671 | Lair:1   | Reached skill level 8 in Unarmed Combat
  3843 | Lair:1   | Noticed a spiny frog
  3855 | Lair:1   | Killed a spiny frog
  4074 | Lair:1   | Noticed a black mamba
  4086 | Lair:1   | Killed a black mamba
  4086 | Lair:1   | Reached skill level 5 in Fighting
  4124 | Lair:1   | Noticed a komodo dragon
  4138 | Lair:1   | Learned a level 1 spell: Sting
  4151 | Lair:1   | Killed a komodo dragon
  4151 | Lair:1   | Reached XP level 10. HP: 85/96 MP: 12/12
  4299 | Lair:1   | Noticed a spiny frog
  4309 | Lair:1   | Killed a spiny frog
  4330 | Lair:1   | Noticed a spiny frog
  4339 | Lair:1   | Killed a spiny frog
  4458 | Lair:2   | Learned a level 3 spell: Vampiric Draining
  4598 | Lair:2   | Reached skill level 9 in Unarmed Combat
  4853 | Lair:3   | Noticed Snorg
  4871 | Lair:3   | Noticed a spiny frog
  4882 | Lair:3   | HP: 2/98 [Snorg (21)]
  4883 | Lair:3   | Mangled by a spiny frog

Skill      XL: |  1  2  3  4  5  6  7  8  9 10 |
---------------+-------------------------------+-----
Dodging        | 3 4 5 6 7 8 |  8.7
Unarmed Combat | 5 6 7 8 9 |  9.1
Fighting       | 3 4 5 |  5.9
Stealth        | 2 3 |  3.2
Necromancy     | 1 2 3 |  3.1
Evocations     | 1 2 |  2.0
Spellcasting   | 1 2 |  2.4
Conjurations   | |  0.1
Poison Magic   | |  0.1

Action                   |  1- 3 |  4- 6 |  7- 9 | 10-12 || total
-------------------------+-------+-------+-------+-------++-------
Melee: Unarmed           |    53 |   157 |   272 |   108 ||   590
       Punch             |       |     5 |    10 |     5 ||    20
Throw: Javelin           |       |       |     1 |       ||     1
 Cast: Pain              |       |     2 |    10 |     2 ||    14
       Corpse Rot        |       |       |     1 |       ||     1
       Vampiric Draining |       |       |       |     1 ||     1
       Sting             |       |       |       |     1 ||     1
Invok: Receive Corpses   |       |     1 |     2 |       ||     3
Evoke: Wand              |       |     9 |    20 |     3 ||    32
       Deck              |       |       |       |     1 ||     1
  Use: Scroll            |     2 |     9 |     8 |     1 ||    20
       Potion            |       |     8 |     4 |       ||    12
 Stab: Sleeping          |       |     1 |     3 |       ||     4
  Eat: Chunk             |     1 |     6 |    14 |     9 ||    30
       Fruit             |       |     3 |     1 |       ||     4
       Bread ration      |       |     2 |       |       ||     2
       Pizza             |       |       |     2 |       ||     2
       Royal jelly       |       |       |     1 |       ||     1
Armor: Robe              |    14 |    26 |    50 |    17 ||   107
Dodge: Dodged            |    25 |    59 |   180 |   123 ||   387
